Map: Dragon Scales LE

Players

DankCraft - Winner!

  • Race: Zerg Zerg
  • League: Diamond
  • Spawn Location: 11:00

JEANFAB

  • Race: Protoss Protoss
  • League: Diamond
  • Spawn Location: 5:00

VOD

Have the link to the VOD?

Description

Time

  • Played on: Feb. 2, 2023, 5:36 p.m.
  • Length: 5:57
Show
View Real Time Build Order
Export as new Build Order

DankCraft Zerg - Winner!

Build Orders: Pool First 

Get SALT Encoding   

  12  0:01  Drone  
  13  0:08  Drone  
  13  0:13  Extractor  
  13  0:16  Drone  
  14  0:24  Overlord  
  14  0:43  Spawning Pool  
  14  0:46  Drone  
  14  0:51  Drone  
  14  0:56  Drone  
  16  1:26  Burrow  
  16  1:43  Hatchery  
  16  1:46  Drone x3  
  18  2:12  Hatchery  
  18  2:14  Drone  
  18  2:17  Drone  
  19  2:34  Drone  
  19  2:35  Drone  
  22  2:47  Metabolic Boost  
  22  2:57  Overlord  
  22  3:06  Hatchery  
  22  3:10  Overlord  
  21  3:15  Queen  
  23  3:20  Zergling x4  
  23  3:24  Zergling x4  
  23  3:25  Queen  
  29  3:33  Zergling x2  
  30  3:34  Zergling x2  
  31  3:44  Zergling x2  
  31  3:45  Zergling x2  
  33  3:55  Zergling x2  
  34  3:56  Overlord  
  34  4:08  Zergling x4  
  36  4:14  Spore Crawler  
  34  4:30  Zergling x8  
  34  4:31  Zergling x10  
  36  4:38  Zergling x2  
  36  4:45  Zergling x10  
  39  4:53  Zergling x2  
  39  4:54  Zergling x2  
  41  5:00  Drone  
  41  5:04  Drone x2  
Show
View Real Time Build Order
Export as new Build Order

JEANFAB Protoss 

Build Orders:  

Get SALT Encoding   

  12  0:00  Probe  
  13  0:13  Probe  
  14  0:21  Pylon  
  14  0:25  Probe  
  15  0:39  Probe (Chrono Boost)  
  15  0:40  Gateway  
  17  0:50  Probe (Chrono Boost)  
  17  0:52  Assimilator  
  17  0:55  Probe (Chrono Boost)  
  18  1:05  Probe  
  19  1:17  Probe  
  20  1:20  Pylon  
  20  1:30  Cybernetics Core, Zealot (Chrono Boost)  
  22  1:44  Gateway  
  22  1:53  Forge  
  22  1:55  Zealot (Chrono Boost)  
  24  2:07  Probe  
  25  2:09  Warp Gate  
  25  2:14  Adept  
  27  2:19  Probe  
  28  2:31  Adept  
  30  2:38  Probe  
  30  2:39  Assimilator  
  31  3:08  Nexus  
  31  3:12  Pylon  
  31  3:22  Pylon  
  31  3:30  Probe, Adept  
  31  3:33  Stalker  
  36  3:39  Shield Battery  
  36  3:42  Probe  
  37  3:54  Probe  
  38  4:06  Stargate  
  38  4:10  Stalker  
  38  4:14  Probe  
  41  4:27  Zealot  
  43  4:35  Zealot  
  39  4:40  Shield Battery  
  37  4:49  Zealot  
  37  4:55  Twilight Council  
  37  5:01  Robotics Facility  
  37  5:04  Gateway  
  37  5:07  Probe x2  
  37  5:12  Zealot x2  
Tags
 
Add a new tag
Caveats
  • Supply blocks, unpowered buildings, or Contaminate may cause inaccurate times.
  • Supply counts are checked every 10 seconds.